 Dungeon Crawl Stone Soup version 0.32-a0-630-g46d191b0ed (webtiles) character file.

Game seed: 2741929141430238363

1677415 Ge0ff the Goblin-At-Arms (level 26, 203/203 (206) HPs)
             Began as a Coglin Cinder Acolyte on Mar 6, 2024.
             Was a Believer of Okawaru.
             Escaped with the Orb
             ... and 3 runes
             ... and 1 gem!
             The game lasted 03:56:07 (75401 turns).

Ge0ff the Goblin-At-Arms (Coglin Cinder Acolyte)   Turns: 75401, Time: 03:56:08

HP:   203/203 (206) AC: 40    Str: 25      XL:     26   Next: 98%
MP:   22/35         EV: 14    Int: 19      God:    Okawaru [**....]
Gold: 6403          SH:  0    Dex: 12 (13) Spells: 16/35 levels left

rFire   + + .        k - +9 eveningstar (protect) {Feng}
rCold   + + .        b - +9 quick blade (vamp) {Kaya}
rNeg    . . .        x - +11 plate armour of the Iron Devil {rF+ rC+ Str+2 Dex-3}
rPois   +            Q - +1 hat of Inevitability {rElec Int+5}
rElec   +            e - scarf {rC+ rF+}
rCorr   +            a - +2 pair of gloves {Str+3}
SInv    .            S - +2 pair of boots {Fly}
Will    ++...        (amulet unavailable) Stlth
                     (ring unavailable)
HPRegen 0.53/turn    (ring unavailable)
MPRegen 0.24/turn    w - thermoramjet Mk.7 {rPois rCorr Slay+3 Clar RMsl}

%: repel missiles, clarity
@: heroic, flying, hasted, studying Air Magic, lightly drained, very quick
A: off-hand wielding, slow wielding, warmup strikes, no jewellery, strong-willed
1, shaggy fur 1, inability to read after injury 1, MP-powered wands
0: Orb of Zot
}: 3/15 runes: barnacled, silver, gossamer
a: Renounce Religion, Heroism


You escaped.
You worshipped Okawaru.
Okawaru was pleased with you.
You visited 10 branches of the dungeon, and saw 48 of its levels.
You visited the Abyss 1 time.
You also visited: Sewer, Ice Cave, Wizlab and Desolation.

You collected 10387 gold pieces.
You spent 3984 gold pieces at shops.

Inventory:

Hand Weapons
 b - a +9 vampiric quick blade (offhand) {Kaya}
 k - a +9 eveningstar of protection (weapon) {Feng}
 O - a +0 short sword of distortion
Missiles
 f - 3 darts of dispersal
 g - 6 throwing nets {=F}
 i - 27 silver javelins
 p - 3 datura-tipped darts {=F}
 v - 19 curare-tipped darts {=F}
 D - 26 javelins
 U - 7 boomerangs (quivered)
Armour
 a - a +2 pair of gloves of strength (worn)
 e - a scarf of resistance (worn)
 h - a +2 helmet of see invisible
 x - the +11 plate armour of the Iron Devil (worn) {rF+ rC+ Str+2 Dex-3}
   (You bought it in a shop on level 4 of the Shoals)

   Str+2:     It affects your strength (+2).
   Dex-3:     It affects your dexterity (-3).
   rF+:       It protects you from fire.
   rC+:       It protects you from cold.
 G - a +3 troll leather armour
 L - a +2 cloak of willpower
 Q - the +1 hat of Inevitability (worn) {rElec Int+5}
   (Okawaru gifted it to you on level 3 of the Lair of Beasts)

   Int+5:     It affects your intelligence (+5).
   rElec:     It insulates you from electricity.
 S - a +2 pair of boots of flying (worn)
Gizmo
 w - a thermoramjet Mk.7 (installed) {rPois rCorr Slay+3 Clar RMsl}
   (You invented it yourself on level 5 of the Lair of Beasts)

   [thermoramjet Mk.7]

   Slay+3:    It affects your accuracy & damage with ranged weapons and melee
   (+3).
   rPois:     It protects you from poison.
   Clar:      It protects you from confusion, rage, mesmerisation and fear.
   RMsl:      It protects you from missiles.
   rCorr:     It protects you from acid and corrosion.
Wands
 d - a wand of digging (5)
 j - a wand of light (14)
 r - a wand of roots (17)
 s - a wand of mindburst (13)
 P - a wand of polymorph (44)
Scrolls
 y - 3 scrolls of immolation
 B - a scroll of blinking
 C - a scroll of poison
 E - 7 scrolls of fear
 F - 6 scrolls of fog
 J - a scroll of silence {!r}
 T - 14 scrolls of teleportation
 V - 8 scrolls of vulnerability
 Y - a scroll of brand weapon
Potions
 o - a potion of ambrosia
 q - 13 potions of curing
 u - 9 potions of mutation {!q}
 z - 5 potions of brilliance
 A - 2 potions of attraction
 H - 5 potions of haste {!q}
 I - 2 potions of invisibility
 K - 5 potions of magic {!q}
 M - 6 potions of might
 N - 2 potions of cancellation {!q}
 R - 2 potions of resistance
 W - 6 potions of heal wounds {!q}
 Z - 4 potions of berserk rage {!q}
Miscellaneous
 c - a condenser vane
 l - a lightning rod (4/4)
 n - a phial of floods


   Skills:
 + Level 16.7(21.7) Fighting
 - Level 14.0(19.0) Short Blades
 + Level 16.5(21.5) Maces & Flails
 + Level 12.7(17.7) Throwing
 + Level 16.9(21.9) Armour
 + Level 12.7(17.7) Dodging
 + Level 4.5(9.5) Stealth
 - Level 5.0 Spellcasting
 - Level 7.0 Conjurations
 - Level 10.0 Hexes
 - Level 5.0 Translocations
 - Level 7.0 Fire Magic
 - Level 7.0 Earth Magic
 - Level 10.0 Alchemy
 - Level 17.1 Invocations
 - Level 17.0 Evocations


You had 16 spell levels left.
You knew the following spells:

 Your Spells              Type           Power      Damage    Failure   Level
d - Iskenderun's Mystic   Conj/Tloc      27%        2d7       43%         4
g - Apportation           Tloc           46%        N/A       8%          1
s - Jinxbite              Hex            84%        N/A       1%          2
w - Passwall              Erth           31%        N/A       10%         3
y - Yara's Violent Unrav  Hex/Alch       21%        3d10      26%         5
B - Blink                 Tloc           46%        N/A       11%         2
C - Lesser Beckoning      Tloc           46%        N/A       11%         2

Your spell library contained the following spells:

 Spells                   Type           Power      Damage    Failure   Level
 Slow                     Hex            100%       N/A       1%          1
 Sting                    Conj/Alch      100%       1d9       1%          1
 Confusing Touch          Hex            42%        N/A       2%          3
 Sigil of Binding         Hex            42%        N/A       2%          3
 Foxfire                  Conj/Fire      100%       2x1d9     3%          1
 Magic Dart               Conj           100%       1d8       3%          1
 Sandblast                Erth           62%        2d14      3%          1
 Scorch                   Fire           62%        2d7       4%          2
 Searing Ray              Conj           62%        2d6       4%          2
 Dazzling Flash           Conj/Hex       74%        N/A       5%          3
 Inner Flame              Hex/Fire       37%        N/A       5%          3
 Momentum Strike          Conj/Tloc      54%        3d9       8%          2
 Stone Arrow              Conj/Erth      62%        3d10      10%         3
 Olgreb's Toxic Radiance  Alch           42%        N/A       10%         4
 Ensorcelled Hibernation  Hex/Ice        46%        N/A       11%         2
 Kiss of Death            Conj/Necr      72%        2d10      14%         1
 Volatile Blastmotes      Fire/Tloc      54%        2d14      14%         3
 Mephitic Cloud           Conj/Alch/Air  26%        N/A       17%         3
 Fulminant Prism          Conj/Alch      18%        3d10      17%         4
 Ignite Poison            Fire/Alch      37%        N/A       17%         4
 Sticky Flame             Fire/Alch      37%        2d8       17%         4
 Static Discharge         Conj/Air       36%        3-5/arc   21%         2
 Cigotuvi's Dreadful Rot  Necr/Alch/Air  34%        N/A       22%         2
 Gell's Gravitas          Tloc           23%        N/A       22%         3
 Teleport Other           Tloc           23%        N/A       22%         3
 Dimensional Bullseye     Hex/Tloc       16%        N/A       26%         4
 Alistair's Intoxication  Alch           28%        N/A       26%         5
 Brom's Barrelling Bould  Conj/Erth      31%        2d5       32%         4
 Flame Wave               Conj/Fire      31%        2d9       32%         4
 Hailstorm                Conj/Ice       18%        3d7       38%         3
 Irradiate                Conj/Alch      18%        3d17      43%         5
 Freeze                   Ice            16%        1d4       50%         1
 Necrotise                Necr           16%        1d4       50%         1
 Manifold Assault         Tloc           23%        N/A       58%         4
 Passage of Golubria      Tloc           23%        N/A       58%         4
 Sublimation of Blood     Necr           4%         N/A       65%         2
 Fireball                 Conj/Fire      15%        3d8       65%         5
 Iskenderun's Battlesphe  Conj           31%        2d8       65%         5
 Lee's Rapid Deconstruct  Erth           15%        3d10*     65%         5
 Eringya's Noxious Bog    Alch           21%        4d6       82%         6
 Frozen Ramparts          Ice            8%         1d2       86%         3
 Fugue of the Fallen      Necr           4%         N/A       86%         3
 Ozocubu's Armour         Ice            4%         N/A       86%         3
 Swiftness                Air            4%         N/A       86%         3
 Vampiric Draining        Necr           4%         2d6       86%         3
 Vhi's Electric Charge    Tloc/Air       28%        N/A       90%         4
 Silence                  Hex/Air        11%        N/A       90%         5
 Borgnjor's Vile Clutch   Necr/Erth      9%         N/A       98%         5
 Airstrike                Air            2%         2d(1-17)  99%         4
 Dispel Undead            Necr           4%         3d7       99%         4
 Freezing Cloud           Conj/Ice/Air   6%         6-21      99%         5
 Starburst                Conj/Fire      15%        6d6       99%         6
 Curse of Agony           Necr           4%         N/A       100%        5
 Conjure Ball Lightning   Conj/Air       9%         3x3d6     100%        6
 Dispersal                Tloc           11%        N/A       100%        6
 Plasma Beam              Fire/Air       9%         2x1d19    100%        6
 Enfeeble                 Hex            21%        N/A       100%        7
 Orb of Destruction       Conj           15%        9d7       100%        7
 Ozocubu's Refrigeration  Ice            2%         4d7       100%        7
 Discord                  Hex            21%        N/A       100%        8
 Ignition                 Fire           15%        3d6       100%        8
 Lehudib's Crystal Spear  Conj/Erth      15%        10d5      100%        8
 Maxwell's Capacitive Co  Air            2%         ∞         100%        8
 Chain Lightning          Conj/Air       9%         3d12      100%        9
 Polar Vortex             Ice            2%         N/A       100%        9
 Summon Small Mammal      Summ           Unusable   N/A       N/A         1
 Animate Armour           Summ/Erth      Unusable   N/A       N/A         4
 Summon Blazeheart Golem  Fire/Summ      Unusable   N/A       N/A         4
 Call Canine Familiar     Summ           Unusable   N/A       N/A         3
 Martyr's Knell           Necr/Summ      Unusable   N/A       N/A         4
 Summon Lightning Spire   Summ/Air       Unusable   N/A       N/A         4
 Summon Forest            Summ/Tloc      Unusable   N/A       N/A         5
 Sculpt Simulacrum        Ice/Alch       Unusable   N/A       N/A         6
 Summon Cactus Giant      Summ           Unusable   N/A       N/A         6
 Spellforged Servitor     Conj/Summ      Unusable   N/A       N/A         7
 Summon Hydra             Summ           Unusable   N/A       N/A         7

Dungeon Overview and Level Annotations

Branches:
Dungeon (15/15)            Temple (1/1) D:6            Lair (5/5) D:11
 Shoals (4/4) Lair:3       Spider (4/4) Lair:2        Slime (0/5) Lair:5
    Orc (2/2) D:10            Elf (3/3) Orc:2        Vaults (5/5) D:13
  Crypt (0/3) Vaults:2     Depths (4/4) D:15            Zot (5/5) Depths:4
  Sewer (visited)           IceCv (visited)          WizLab (visited)
Desolation (visited)

Altars:
Ashenzari
Cheibriados
Dithmenos
Elyvilon
Fedhas
Gozag
Hepliaklqana
Kikubaaqudgha
Makhleb
Nemelex Xobeh
Okawaru
Qazlal
Ru
Sif Muna
Trog
Uskayaw
Vehumet
Wu Jian
Xom
Yredelemnul
Zin
The Shining One
Beogh
Jiyva

Shops:
D:4 :   D:9 (   D:11 :   D:13 =   Orc:2 =*([   Elf:1 *   Elf:3 *   Shoals:4 [
Vaults:3 [   Vaults:4 *

Portals:
Hell: Depths:1 Depths:2 Depths:3 Depths:4
Abyss: Depths:3
Pandemonium: Depths:2
Ziggurat: Depths:4
Trove: D:15 (give 5 potions of resistance)

Annotations:
Zot:1 2 transporters, Pirukh's ghost, veteran MiFi


Innate Abilities, Weirdness & Mutations

You can wield a second weapon in your off-hand.
It takes a long time for you to wield or remove held weapons.
Your first few attacks do less damage.
You cannot equip rings or amulets.
You are strong-willed. (Will+)
You are covered in fur. (AC +1)
You occasionally lose the ability to read scrolls when taking damage.
You expend magic power (3 MP) to strengthen your wands.


Message History

You fly upwards.
There is a stone staircase leading down, spattered with blood here.
A shadow demon comes into view.
There is a stone staircase leading up here.
You fly upwards.
There is a stone staircase leading down here.
There is a stone staircase leading up here.
You fly upwards.
There is a stone staircase leading down here.
A shadow demon comes into view.
There is a stone staircase leading up here.
You fly upwards.
There is a stone staircase leading down here.
There is an escape hatch in the ceiling here.
A mysterious force pulls you upwards. The hatch slams shut behind you.
You reach down and open the door.
There is an open door here.
You reach down and open the door.
There is an open door here.
There is a stone staircase leading up here.
You fly upwards.
There is a stone staircase leading down here.
A profane servitor comes into view. It is wielding a +3 whip.
There is a stone staircase leading up here.
The profane servitor closely misses you.
The profane servitor hits you with a +3 whip!
You feel drained.
You feel threatened and lose the ability to read scrolls!
You fly upwards.
There is a stone staircase leading down here.
You can read scrolls again.
HP restored.
There is a staircase leading out of the dungeon here.
You feel yourself speed up.
Use which ability? (? or * to list)
You gain the combat prowess of a mighty hero.
Use which ability? (? or * to list)
You feel more confident with your borrowed prowess.
You can no longer speed up your combat.
Use which ability? (? or * to list)
You feel more confident with your borrowed prowess.
Use which ability? (? or * to list)
You feel more confident with your borrowed prowess.
Use which ability? (? or * to list)
You feel more confident with your borrowed prowess.
Use which ability? (? or * to list)
You feel more confident with your borrowed prowess.
Use which ability? (? or * to list)
You feel more confident with your borrowed prowess.
You have escaped!

#.# #####...........##..## #.#
#.....................
#######†###..#####...)...#..####
##.....#.....#.###.##.###.#..###.
#...........###.#.###...#........
...........## ##.## ##..#.......#
..........#.###.#.###.#.........#
..........##.#.#.#.#.##.##.......
..........###.#.@.#.###.#####....
..........##.#.#.#.#.##.....#.#..
..........#.###.#.###.#..........
#..........## ##.## ##...........
##.....#....###.#.###............
####.##....##.###)#.............
#.##.#....#####..............
#.##.##......................
#)##.##.##...................


There were no monsters in sight!

Vanquished Creatures
  2 dread liches
  3 orbs of fire
  4 ancient liches
  Mara (Spider:3)
  A juggernaut (Depths:3)
  Sojobo (Depths:1)
  Bai Suzhen (Spider:4)
  A caustic shrike (Depths:2)
  Nikola (Spider:3)
  6 golden dragons
  Arachne (Spider:4)
  15 tentacled monstrosities
  2 electric golems (Zot:5)
  Asterion (Spider:4)
  2 liches
  19 Orb Guardians (Zot:5)
  4 titans
  9 quicksilver dragons
  2 deep elf master archers (Elf:3)
  4 deep elf blademasters
  A walking frostbound tome (Depths:1)
  Polyphemus (Shoals:2)
  5 death cobs
  10 sphinxes
  Agnes (Spider:4)
  Frances (Elf:1)
  A tentacled starspawn (Abyss:2)
  8 shadow dragons
  10 tengu reavers
  8 storm dragons
  Roxanne (Elf:1)
  4 protean progenitors (Zot:1)
  3 draconian monks
  6 fire giants
  4 iron dragons
  Ilsuiw (Shoals:3)
  A draconian shifter (Zot:5)
  Donald (Spider:2)
  A balrug (Depths:1)
  4 draconian knights
  8 frost giants
  A draconian scorcher (Zot:3)
  2 imperial myrmidons (Desolation)
  Louise (Spider:3)
  2 juggernaut zombies (WizLab)
  The ghost of Kischierch the Skirmisher, an adept OpHs of Hepliaklqana (Shoals:3)
  9 deep elf sorcerers
  9 emperor scorpions
  16 vault wardens
  A caustic shrike zombie (Depths:1)
  4 draconian annihilators
  4 ghost moths
  A reaper (Depths:1)
  5 deep elf elementalists
  6 draconian stormcallers
  16 ironbound preservers
  16 very ugly things
  7 formless jellyfish
  A cacodemon (Abyss:3)
  An orc warlord (Orc:2)
  2 spriggan defenders
  15 stone giants
  9 vampire knights
  A broodmother (Spider:1)
  13 green draconians
  5 ironbound thunderhulks
  10 deep elf demonologists
  7 black draconians
  4 white draconians
  4 yellow draconians
  11 deep elf annihilators
  3 war gargoyles (Vaults:5)
  16 deep elf death magi
  14 dire elephants
  4 purple draconians
  2 red draconians
  Azrael (Elf:1)
  A halazid warlock (Desolation)
  2 blizzard demons (Depths:2)
  4 spark wasps
  8 merfolk impalers
  3 jiangshi
  A crystal guardian (Desolation)
  17 ettins
  Josephine (Lair:3)
  6 merfolk javelineers
  9 entropy weavers
  8 fire dragons
  10 yaktaur captains
  9 deep elf high priests
  9 great orbs of eyes
  11 ragged hierophants (Desolation)
  6 servants of whispers (Desolation)
  11 peacekeepers
  5 spriggan air magi
  A hell beast (D:8)
  39 vault guards
  10 hydras
  6 ice dragons
  A salamander tyrant (Depths:1)
  A caustic shrike simulacrum (IceCv)
  A two-headed ogre (shapeshifter) (Vaults:4)
  2 rakshasas (Depths:4)
  A catoblepas (Shoals:2)
  10 ironbound frosthearts
  22 centaur warriors
  3 alligator snapping turtles
  2 merfolk avatars
  A death knight (Depths:3)
  2 ogre magi
  26 dancing weapons
  4 merfolk aquamancers
  3 radroaches
  7 two-headed ogres
  3 jorogumos
  The ghost of starts1789 the Devastator, a journeyman TeCj of Vehumet (D:11)
  3 boulder beetles
  4 death yaks
  A satyr (Shoals:4)
  5 orc high priests
  11 tengu warriors
  6 deep troll earth magi
  8 demonic crawlers
  2 occultists (Depths:4)
  5 vampire magi
  5 spriggan berserkers
  4 thrashing horrors (Abyss:3)
  2 shock serpents (Zot:1)
  2 sun demons (Abyss:3)
  A skyshark (shapeshifter) (Vaults:4)
  A titan zombie (Depths:3)
  24 deep elf knights
  A soul eater (Depths:3)
  Sonja (Lair:4)
  A shadow wraith (Depths:3)
  2 storm dragon zombies (Depths:3)
  4 skeletal warriors
  5 hell knights
  A salamander mystic (Depths:1)
  A wretched star (Abyss:2)
  3 pharaoh ants
  8 skysharks
  31 deep trolls
  4 flayed ghosts
  2 spark wasp zombies
  4 iron trolls
  4 goliath frogs
  A sea snake (shapeshifter) (Vaults:5)
  An orange crystal statue (Vaults:3)
  7 arcanists
  A mana viper (shapeshifter) (Vaults:5)
  4 glowing orange brains
  12 deep elf archers
  A sun moth (Spider:3)
  9 thermic dynamos
  A shadow demon (Abyss:3)
  5 starcursed masses (Abyss:2)
  A harpy (shapeshifter) (Vaults:5)
  11 sea snakes
  A death drake (Zot:1)
  2 large abominations (Abyss:3)
  A golden dragon zombie (Vaults:5)
  14 orb spiders
  A bog body (D:13)
  2 lindwurms (Vaults:2)
  A fire giant zombie (WizLab)
  13 steelbarb worms
  4 phantasmal warriors
  23 deep elf zephyrmancers
  An obsidian statue (Vaults:1)
  22 ironbound convokers
  12 harpies
  7 necromancers
  35 deep elf pyromancers
  30 ugly things
  13 wolf spiders
  2 frost giant zombies
  An iron dragon zombie (WizLab)
  7 fauns
  4 orc sorcerers (Orc:2)
  2 stone giant zombies
  10 manticores
  6 cyclopes
  2 salamanders (Depths:1)
  A worldbinder (Abyss:3)
  3 orc knights
  A meliai (shapeshifter) (Elf:2)
  10 merfolk sirens
  An elephant (shapeshifter) (Vaults:5)
  26 vault sentinels
  7 black mambas
  22 moths of wrath
  A kobold blastminer (Orc:2)
  6 guardian serpents (Desolation)
  A molten gargoyle (Desolation)
  A demonspawn zombie (WizLab)
  3 meliai (Spider:3)
  2 smoke demons (Depths:2)
  2 water nymphs (Shoals:4)
  A centaur zombie (D:11)
  19 elephants
  An ice statue (D:13)
  5 torpor snails
  5 centaur skeletons (D:11)
  3 gargoyles
  25 cane toads
  A cane toad (shapeshifter) (Depths:4)
  An unseen horror (D:10)
  5 rime drakes
  An anaconda simulacrum (IceCv)
  Maggie (D:9)
  A komodo dragon (shapeshifter) (Vaults:5)
  A rime drake (shapeshifter) (D:15)
  A freezing wraith (D:13)
  17 yaktaurs
  2 kobold demonologists
  6 komodo dragons
  6 tengu conjurers
  An efreet (D:13)
  A guardian mummy (WizLab)
  5 ice devils
  A tormentor (Abyss:3)
  3 hellwings (D:11)
  22 merfolk
  A polar bear (shapeshifter) (Vaults:5)
  10 trolls
  3 wind drakes
  A wind drake (shapeshifter) (Depths:4)
  3 polar bears
  3 alligator simulacra (IceCv)
  71 saltlings (Desolation)
  14 tarantellas
  A glass eye (Depths:3)
  10 snapping turtles
  24 blink frogs
  17 culicivoras
  A human simulacrum (Vaults:5)
  23 jumping spiders
  45 slime creatures
  3 small abominations
  10 water elementals
  A vampire (D:11)
  A centaur simulacrum (D:14)
  2 ynoxinuls (Abyss:3)
  5 wyverns
  5 wraiths
  3 steam dragons (Lair:4)
  21 fire elementals
  26 yaks
  Grum (D:8)
  5 wargs
  50 redbacks
  A harpy simulacrum (IceCv)
  2 tengu zombies
  11 vampire mosquitoes
  A redback (shapeshifter) (D:15)
  2 acid dragons
  A swamp worm (shapeshifter) (Depths:2)
  A glowing shapeshifter zombie (Depths:1)
  A hydra simulacrum (IceCv)
  A two-headed ogre zombie (D:10)
  3 hell hounds (Elf:1)
  14 water moccasins
  18 orc warriors
  A black bear (D:6)
  8 ice beasts
  4 laughing skulls
  7 ogres
  2 sky beasts (D:6)
  An ettin simulacrum (IceCv)
  23 wolves
  2 centaurs (D:13)
  3 phantoms
  17 bullfrogs
  2 earth elementals (Elf:2)
  4 kobold brigands
  A brain worm (Sewer)
  A gnoll sergeant (D:12)
  3 human zombies
  A scorpion (D:6)
  3 wights
  A troll zombie (D:10)
  7 killer bees
  5 electric eels
  3 tengu skeletons
  2 vampire bats (D:10)
  A howler monkey (D:11)
  A bombardier beetle (D:5)
  2 gnoll boudas
  4 crimson imps (D:7)
  A hound (shapeshifter) (Vaults:5)
  5 jellies
  10 orc priests
  3 hounds
  18 orc wizards
  2 iguanas (D:5)
  A statue (D:6)
  A troll simulacrum (D:13)
  A wolf simulacrum (D:13)
  6 ogre zombies (D:10)
  14 gnolls
  A naga simulacrum (D:13)
  15 adders
  4 river rats (Sewer)
  4 white imps
  2 ribbon worms (Sewer)
  6 dart slugs
  49 orcs
  2 bat skeletons (D:10)
  5 bat zombies (D:10)
  10 endoplasms
  7 giant cockroaches
  9 hobgoblins
  9 jackals
  7 quokkas
  19 ball pythons
  13 bats
  8 frilled lizards
  5 gnoll skeletons (D:10)
  2 gnoll zombies (D:10)
  6 goblins
  27 kobolds
  4 orc skeletons (D:10)
  14 orc zombies (D:10)
  9 rats
  2 aspiring fleshes (Zot:1)
2125 creatures vanquished.

Vanquished Creatures (others)
  A frost giant (Depths:2)
  A deep elf knight (Elf:1)
  An orb spider (Zot:1)
  4 deep elf zephyrmancers
  A deep elf pyromancer (Elf:2)
  2 moths of wrath
  A tengu conjurer (D:14)
  A merfolk (Shoals:4)
  A polar bear (D:13)
  An orc wizard (D:5)
  An orc (D:5)
  73 foxfires
  32 spectral weapons
  4 starspawn tentacles (Abyss:2)
124 creatures vanquished.

Grand Total: 2249 creatures vanquished

Notes
Turn   | Place    | Note
-------+----------+-------------------------------------------
     0 | D:1      | Ge0ff the Coglin Cinder Acolyte began the quest for the
                  | Orb.
     0 | D:1      | Reached XP level 1. HP: 18/18 MP: 2/2
     5 | D:1      | Found a faded altar of an unknown god.
    59 | D:1      | Reached skill level 1 in Stealth
    59 | D:1      | Reached XP level 2. HP: 24/24 MP: 3/3
   168 | D:1      | Reached XP level 3. HP: 29/29 MP: 3/5
   186 | D:1      | Learned a level 2 spell: Jinxbite
   189 | D:1      | Learned a level 2 spell: Scorch
   863 | D:2      | Reached XP level 4. HP: 35/35 MP: 6/6
  1103 | D:2      | Reached skill level 1 in Hexes
  1691 | D:2      | Found a white marble altar of Elyvilon.
  2309 | D:3      | Reached XP level 5. HP: 41/41 MP: 2/8
  2384 | D:3      | Found a burning altar of Makhleb.
  2510 | D:3      | Identified the amulet of Levity {Faith +Blink rC+ Str+8
                  | Dex-2}
  2689 | D:3      | Found a hide-covered altar of Uskayaw.
  3489 | D:4      | Found Dinoixi's Book Shop.
  3688 | D:4      | Reached skill level 1 in Short Blades
  3691 | D:4      | Reached XP level 6. HP: 47/47 MP: 2/9
  5015 | D:4      | Found a hazy altar of Hepliaklqana.
  5098 | D:4      | Found a bloodstained altar of Trog.
  5159 | D:4      | Found a sparkling altar of Nemelex Xobeh.
  5228 | D:5      | Entered Level 5 of the Dungeon
  5309 | D:5      | Found a glowing drain.
  5330 | Sewer    | Entered a sewer
  5477 | Sewer    | Reached XP level 7. HP: 52/52 MP: 1/10
  6505 | D:5      | Found a basalt altar of Yredelemnul.
  6507 | D:5      | Noticed a profane servitor
  6648 | D:5      | Found a glowing golden altar of the Shining One.
  6650 | D:5      | Noticed an angel
  6807 | D:5      | Reached skill level 1 in Armour
  6807 | D:5      | Reached skill level 1 in Dodging
  7038 | D:5      | Reached XP level 8. HP: 60/60 MP: 0/11
  7461 | D:5      | Found a basalt altar of Yredelemnul.
  7644 | D:5      | Found a glowing golden altar of the Shining One.
  8240 | D:6      | Reached skill level 5 in Fire Magic
  8250 | D:6      | Reached skill level 5 in Maces & Flails
  8419 | D:6      | Reached skill level 5 in Hexes
  8585 | D:6      | Reached XP level 9. HP: 59/65 MP: 2/12
  8753 | D:6      | Found a snail-covered altar of Cheibriados.
  8764 | D:6      | Found a radiant altar of Vehumet.
  8775 | D:6      | Found a staircase to the Ecumenical Temple.
  8780 | Temple   | Found a transporter.
  8780 | Temple   | Found a transporter.
  8780 | Temple   | Found a transporter.
  8780 | Temple   | Found a transporter.
  8780 | Temple   | Entered the Ecumenical Temple
  9202 | D:7      | Found a shimmering altar of Xom.
 10461 | D:8      | Noticed Grum
 10734 | D:8      | Reached skill level 1 in Evocations
 10839 | D:8      | Found a blossoming altar of Fedhas.
 10921 | D:8      | Reached XP level 10. HP: 73/73 MP: 7/14
 11083 | D:8      | Killed Grum
 11084 | D:8      | Reached skill level 5 in Fighting
 11654 | D:8      | Found an ornate altar of the Wu Jian Council.
 11887 | D:9      | Noticed a kobold demonologist
 11891 | D:9      | Noticed a smoke demon
 11892 | D:9      | Killed a kobold demonologist
 11953 | D:9      | Found Efeicuq's Weapon Shop.
 12147 | D:9      | Noticed Maggie
 12154 | D:9      | Killed Maggie
 12827 | D:10     | Entered Level 10 of the Dungeon
 13216 | D:10     | Noticed a kobold demonologist
 13242 | D:10     | Reached XP level 11. HP: 81/81 MP: 8/15
 13460 | D:10     | Reached skill level 5 in Short Blades
 14058 | D:10     | Found a staircase to the Orcish Mines.
 14678 | D:10     | Found an ancient bone altar of Kikubaaqudgha.
 15168 | D:11     | Noticed a white ugly thing
 15173 | D:11     | Killed a white ugly thing
 15174 | D:11     | Reached skill level 5 in Evocations
 15557 | D:11     | Found a staircase to the Lair.
 16001 | D:11     | Found Tonymaaj's Book Boutique.
 16061 | D:11     | Found a large runed translucent door.
 16061 | D:11     | Found a large runed translucent door.
 16063 | D:11     | Noticed starts1789's ghost (journeyman TeCj)
 16076 | D:11     | Reached skill level 10 in Maces & Flails
 16114 | D:11     | Found the +4 Cigotuvi's embrace {Corpsefed rMiasma ^Drain
                  | rN+}
 16370 | D:12     | Reached XP level 12. HP: 89/91 MP: 13/16
 17050 | D:9      | Bought a +1 vampiric quick blade for 780 gold pieces
 17154 | Lair:1   | Entered Level 1 of the Lair of Beasts
 18162 | Temple   | Fell from the grace of Ignis
 18162 | Temple   | Became a worshipper of Warmaster Okawaru
 18605 | Lair:2   | Reached * piety under Okawaru
 18892 | Lair:2   | Reached ** piety under Okawaru
 18893 | Lair:2   | Reached skill level 1 in Invocations
 19246 | Lair:2   | Noticed a seven-headed hydra
 19260 | Lair:2   | Killed a seven-headed hydra
 19426 | Lair:2   | Reached *** piety under Okawaru
 19498 | Lair:2   | Reached XP level 13. HP: 96/96 MP: 17/19
 19671 | Lair:2   | Found a hole to the Spider Nest.
 20045 | Lair:3   | You fall into a shaft and drop 2 floors!
 20045 | Lair:5   | Entered Level 5 of the Lair of Beasts
 20073 | Lair:5   | Reached **** piety under Okawaru
 21009 | Lair:5   | Reached ***** piety under Okawaru
 21077 | Lair:5   | Identified the +5 chain mail "Buniarof" {*Slow rC++ Int+3}
 21177 | Lair:5   | Reached skill level 10 in Short Blades
 21225 | Lair:5   | Received a gift from Okawaru
 21242 | Lair:5   | Identified the +6 shortbow "Tylalap" {flame, rElec}
 21249 | Lair:5   | Got an earthy gem with 199 turns to spare
 21484 | Lair:5   | Was forgiven by Ignis
 21645 | Lair:5   | Reached XP level 14. HP: 95/106 MP: 17/20
 21661 | Lair:5   | Acquired a thermoramjet Mk.7 {rPois rCorr Slay+3 Clar RMsl}
 21869 | Lair:5   | Found a staircase to the Slime Pits.
 21869 | Lair:5   | Found a viscous altar of Jiyva.
 22121 | Lair:4   | Received a gift from Okawaru
 22693 | Lair:4   | Noticed Sonja
 22696 | Lair:4   | Killed Sonja
 23305 | Lair:3   | Noticed Josephine
 23321 | Lair:3   | Killed Josephine
 23321 | Lair:3   | Reached ****** piety under Okawaru
 23331 | Lair:3   | Acquired the +2 eveningstar of Internal Strife {spect,
                  | rCorr Dex+3}
 23331 | Lair:3   | Received a gift from Okawaru
 23348 | Lair:3   | Acquired the +1 hat of Inevitability {rElec Int+5}
 23348 | Lair:3   | Received a gift from Okawaru
 23656 | Lair:3   | You fall into a shaft and drop 2 floors!
 23902 | Lair:3   | Found a staircase to the Shoals.
 24307 | Orc:1    | Entered Level 1 of the Orcish Mines
 24311 | Orc:1    | Reached skill level 5 in Invocations
 24316 | Orc:1    | Found a roughly hewn altar of Beogh.
 24363 | Orc:1    | Received a gift from Okawaru
 24595 | Orc:1    | Found a roughly hewn altar of Beogh.
 24813 | Orc:2    | Entered Level 2 of the Orcish Mines
 25093 | Orc:2    | Received a gift from Okawaru
 25129 | Orc:2    | Found a staircase to the Elven Halls.
 25139 | Orc:2    | Found Raeroew's Antique Weapon Boutique.
 25273 | Orc:2    | Found Xekeqiel's Antique Armour Boutique.
 25292 | Orc:2    | Noticed an orc warlord
 25311 | Orc:2    | Killed an orc warlord
 25334 | Orc:2    | Reached XP level 15. HP: 115/115 MP: 21/21
 25531 | Orc:2    | Found Mesat's Jewellery Shoppe.
 25559 | Orc:2    | Found Jikla's General Store.
 25567 | Orc:2    | Bought a potion of ambrosia for 96 gold pieces
 25703 | Orc:2    | Bought a polished dagger for 210 gold pieces
 25703 | Orc:2    | Identified the +4 dagger of Doom {venom, rElec rPois rF-
                  | rC+} (You bought it in a shop on level 2 of the Orcish
                  | Mines)
 25837 | D:11     | Killed starts1789's ghost
 26044 | D:13     | Found Fanebb's Jewellery Boutique.
 26664 | D:13     | Found a gate to the Vaults.
 26672 | D:13     | Received a gift from Okawaru
 27004 | D:13     | Learned a level 1 spell: Apportation
 27175 | D:14     | Reached skill level 10 in Fighting
 27361 | D:14     | You fall into a shaft and drop 1 floor!
 27361 | D:15     | Entered Level 15 of the Dungeon
 27409 | D:14     | Found an opulent altar of Gozag.
 27815 | D:14     | Identified the +5 scale mail of Complete Protection {rN++}
 28223 | D:15     | Received a gift from Okawaru
 28253 | D:15     | Identified the +3 quarterstaff "Jad Qatt" {antimagic, Fly}
 28391 | D:15     | Found a portal to a secret trove of treasure.
 28718 | D:15     | Reached skill level 5 in Armour
 28885 | D:15     | Received a gift from Okawaru
 28890 | D:15     | Found a staircase to the Depths.
 29145 | Spider:1 | Entered Level 1 of the Spider Nest
 29248 | Spider:1 | Reached XP level 16. HP: 123/123 MP: 19/22
 29509 | Spider:1 | Received a gift from Okawaru
 29719 | Spider:1 | Identified the +11 battleaxe of Fotsocid {heavy, rElec rC-
                  | SInv Stlth+}
 29977 | Spider:1 | Reached skill level 1 in Throwing
 30804 | Spider:2 | Reached skill level 15 in Maces & Flails
 30956 | Spider:2 | Noticed Donald
 30964 | Spider:2 | Killed Donald
 31276 | Spider:2 | Received a gift from Okawaru
 31899 | Spider:3 | Noticed Mara
 31923 | Spider:3 | Noticed Ge0ff's illusion
 32453 | Spider:3 | Reached skill level 1 in Translocations
 32473 | Spider:3 | Received a gift from Okawaru
 32859 | Spider:3 | Noticed Louise
 32866 | Spider:3 | Killed Louise
 32994 | Spider:3 | Noticed Nikola
 33004 | Spider:3 | Killed Nikola
 33005 | Spider:3 | Reached XP level 17. HP: 117/131 MP: 15/23
 33035 | Spider:3 | Killed Mara
 33668 | Spider:4 | Entered Level 4 of the Spider Nest
 33684 | Spider:4 | Noticed Bai Suzhen
 33697 | Spider:4 | Killed Bai Suzhen
 34738 | Spider:4 | Received a gift from Okawaru
 34844 | Spider:4 | Noticed Arachne
 34857 | Spider:4 | Killed Arachne
 34868 | Spider:4 | Noticed Asterion
 34883 | Spider:4 | Killed Asterion
 34884 | Spider:4 | Reached skill level 5 in Dodging
 34958 | Spider:4 | Reached skill level 5 in Throwing
 35163 | Spider:4 | Noticed Agnes
 35169 | Spider:4 | Killed Agnes
 35345 | Spider:4 | Received a gift from Okawaru
 36400 | Spider:4 | Identified the orb "Cit Biovu" {light, rN++ Will- Int+3
                  | Tloc}
 36423 | Spider:4 | Got a gossamer rune of Zot
 36756 | Orc:2    | Bought a scroll of poison for 48 gold pieces
 36756 | Orc:2    | Bought a scroll of vulnerability for 48 gold pieces
 36756 | Orc:2    | Bought a scroll of teleportation for 36 gold pieces
 36756 | Orc:2    | Bought a potion of mutation for 96 gold pieces
 36756 | Orc:2    | Bought a potion of haste for 120 gold pieces
 36756 | Orc:2    | Bought a potion of curing for 36 gold pieces
 36920 | D:4      | Bought a book of Spatial Translocations for 252 gold pieces
 36923 | D:4      | Learned a level 2 spell: Blink
 37155 | Shoals:1 | Entered Level 1 of the Shoals
 37313 | Shoals:1 | Got the Enchiridion on the Iceberg and Kindling
 37424 | Shoals:1 | Reached XP level 18. HP: 139/142 MP: 24/24
 37738 | Shoals:1 | Received a gift from Okawaru
 37853 | Shoals:1 | Identified the +0 ring mail of Imperfection {Int+3}
 39159 | Shoals:2 | Noticed Polyphemus
 39184 | Shoals:2 | Killed Polyphemus
 39824 | Shoals:3 | Found a runed translucent door.
 39825 | Shoals:3 | Noticed Kischierch's ghost (adept OpHs)
 39931 | Shoals:2 | Received a gift from Okawaru
 40501 | Shoals:3 | Killed Kischierch's ghost
 40528 | Shoals:3 | Noticed Ilsuiw
 40548 | Shoals:3 | Killed Ilsuiw
 40613 | Shoals:4 | Entered Level 4 of the Shoals
 40756 | Shoals:4 | Identified the staff of Zin {*Corrode rF+ rC++ Dex+3 Fire
                  | Air}
 40770 | Shoals:4 | Found Woxtid's Antique Armour Shop.
 40808 | Shoals:4 | Paralysed by a formless jellyfish for 1 turns
 41047 | Shoals:4 | Got a barnacled rune of Zot
 41487 | Shoals:4 | Received a gift from Okawaru
 42117 | D:13     | Learned a level 4 spell: Iskenderun's Mystic Blast
 42121 | D:13     | Learned a level 3 spell: Passwall
 42124 | D:13     | Learned a level 2 spell: Lesser Beckoning
 42264 | Lair:2   | Learned a level 5 spell: Yara's Violent Unravelling
 42373 | Elf:1    | Entered Level 1 of the Elven Halls
 42375 | Elf:1    | Found a radiant altar of Vehumet.
 42407 | Elf:1    | Found a glacial archway.
 42424 | IceCv    | Entered an ice cave
 42453 | IceCv    | Found a transporter.
 42491 | IceCv    | Found a transporter.
 44298 | Elf:1    | Reached skill level 1 in Alchemy
 44307 | Elf:1    | Reached skill level 1 in Conjurations
 44367 | Elf:1    | Noticed Frances
 44377 | Elf:1    | Killed Frances
 44378 | Elf:1    | Reached skill level 1 in Earth Magic
 44378 | Elf:1    | Reached XP level 19. HP: 95/153 MP: 25/25
 44531 | Elf:1    | Noticed Azrael
 44690 | Elf:1    | Killed Azrael
 44743 | Elf:1    | Noticed Roxanne
 45075 | Elf:1    | Found Muakhlojo's General Store.
 45340 | Elf:1    | Killed Roxanne
 45340 | Elf:1    | Received a gift from Okawaru
 45626 | Elf:2    | Found a crumbling gateway.
 45638 | Desolati | Entered the Desolation of Salt
 45942 | Desolati | Reached skill level 15 in Fighting
 46468 | Desolati | Reached skill level 5 in Spellcasting
 46512 | Desolati | Identified the ring "Ireota" {^Drain Fly Will+ Dex+2 SInv}
 46562 | Desolati | Identified the ring of the Loving Gods {rElec rPois Dex+4
                  | Slay-2 SInv}
 46565 | Desolati | Identified the ring of Qiadghili {+Blink rN+ Str+4 Int-4}
 46671 | Desolati | Identified the ring of Viwar {Fly rElec rN+}
 46675 | Desolati | Got the Dissertation on Ozone
 47156 | Desolati | Received a gift from Okawaru
 47364 | Desolati | Identified the +6 demon whip of Kiota {venom, ^Contam rPois
                  | Stlth+}
 47467 | Desolati | Identified the +8 whip of Tender Mercy {antimagic, *Slow
                  | rPois Will++ Stlth+}
 47537 | Desolati | Identified the +5 lajatang of Integrity {distort, Fly
                  | Will+}
 47828 | Desolati | Reached XP level 20. HP: 163/163 MP: 27/27
 47841 | Desolati | Received a gift from Okawaru
 47861 | Desolati | Identified the ring of Weputa Cist {Fire rElec rPois Int-4
                  | Stlth+}
 47864 | Desolati | Identified the +5 dagger of the Crawling Thing {protect,
                  | Int+6}
 47989 | Desolati | Identified the ring of the Ancients {rPois Str+3 Int+6}
 48006 | Desolati | Identified the staff of Hepliaklqana's Delight {rPois rC-
                  | Str+3 Int+5 Alchemy}
 48222 | Elf:2    | Found a shimmering blue altar of Sif Muna.
 48403 | Elf:2    | Found the +0 cloak of the Thief {Quiet Slay-3 SInv Stlth+}
 48481 | Elf:2    | Found a runed translucent gate.
 48481 | Elf:2    | Found a runed translucent gate.
 48481 | Elf:2    | Found a runed translucent gate.
 48551 | Elf:2    | Reached skill level 5 in Alchemy
 48567 | Elf:2    | Received a gift from Okawaru
 49590 | Elf:3    | Entered Level 3 of the Elven Halls
 49603 | Elf:3    | Identified the +1 leather armour of the Abyss {rC+ Will+
                  | rCorr Stlth+}
 49981 | Elf:2    | Found a shimmering blue altar of Sif Muna.
 50077 | Elf:3    | Reached skill level 5 in Conjurations
 50077 | Elf:3    | Reached skill level 5 in Earth Magic
 50337 | Elf:3    | Found Tiwewyp's Assorted Antiques.
 50338 | Elf:3    | Received a gift from Okawaru
 50511 | Elf:3    | Reached skill level 10 in Throwing
 50714 | Elf:3    | Noticed a Tzitzimitl
 51025 | Elf:3    | Received a gift from Okawaru
 51107 | Elf:3    | Reached XP level 21. HP: 121/171 MP: 28/28
 51401 | Abyss:2  | Cast into level 2 of the Abyss (a deep elf sorcerer)
 51539 | Abyss:3  | Found a sacrificial altar of Ru.
 51583 | Abyss:3  | HP: 2/171 [burnt (8)]
 51800 | Abyss:3  | Gained mutation: You are dopey. (Int -2) [a cacodemon]
 51809 | Elf:3    | Escaped the Abyss
 51963 | Elf:3    | Identified the +7 mace of Ykha Fur {venom, Str+3}
 52027 | Elf:3    | Identified the +1 cloak of Ocasch {rC- Slay+5}
 52078 | Elf:3    | Identified the +9 sling of Odwi {antimagic, rF+ rC+}
 52319 | Elf:3    | Found Tiwewyp's Assorted Antiques.
 53074 | Elf:3    | Bought a potion of enlightenment for 105 gold pieces
 53074 | Elf:3    | Bought a potion of curing for 63 gold pieces
 53263 | Vaults:1 | Entered Level 1 of the Vaults
 53404 | Vaults:1 | Received a gift from Okawaru
 53415 | Vaults:1 | Reached skill level 10 in Hexes
 53786 | Vaults:1 | Reached skill level 5 in Translocations
 54130 | Vaults:1 | Reached skill level 10 in Evocations
 54510 | Vaults:2 | Identified the +7 battleaxe "Ymeczer" {flame, rElec rN+
                  | MP+9 Int+3}
 55027 | Vaults:2 | You are sucked into a shaft and drop 2 floors!
 55261 | Vaults:2 | Received a gift from Okawaru
 55432 | Vaults:2 | Paralysed by a formless jellyfish for 1 turns
 55436 | Vaults:2 | Reached skill level 10 in Dodging
 55469 | Vaults:2 | Reached XP level 22. HP: 66/178 MP: 8/29
 55818 | Vaults:2 | Found a staircase to the Crypt.
 56160 | Vaults:2 | Received a gift from Okawaru
 56791 | Vaults:3 | Found a transporter.
 56800 | Vaults:3 | Found a transporter.
 56914 | Vaults:3 | Identified the +0 plate armour of the Thistle {Harm Dex+2}
 57374 | Vaults:3 | Found Kuem's Antique Armour Shop.
 57379 | Vaults:3 | Bought a jewelled cloak for 342 gold pieces
 57379 | Vaults:3 | Identified the +1 cloak of Protective Custody {rCorr Int+3}
                  | (You bought it in a shop on level 3 of the Vaults)
 57482 | Vaults:3 | Received a gift from Okawaru
 58130 | Vaults:3 | Paralysed by a formless jellyfish for 1 turns
 58506 | Vaults:3 | Identified the -2 pair of gloves of Lorept {Fly rF- Dex+4
                  | Slay+2}
 58574 | Vaults:3 | Identified the staff "Ereuriuh" {Str+3 Dex-4 Conj Hexes
                  | Fire}
 58575 | Vaults:3 | Identified the staff "Wecifiwk" {rPois rF+ rC+ Hexes Ice}
 59511 | Vaults:4 | Identified the +0 leather armour of Juumuj {+Inv rElec rC+
                  | Int-4}
 59544 | Vaults:4 | Received a gift from Okawaru
 59559 | Vaults:4 | Reached XP level 23. HP: 168/184 MP: 30/30
 59684 | Vaults:4 | Found Ehiam's Assorted Antiques.
 59692 | Vaults:4 | Bought a potion of invisibility for 320 gold pieces
 59692 | Vaults:4 | Bought a scroll of enchant weapon for 300 gold pieces
 60322 | Depths:1 | Entered Level 1 of the Depths
 60338 | Depths:1 | Found a gateway to Hell.
 60376 | Depths:1 | Reached skill level 10 in Invocations
 60410 | Depths:1 | Found a magical portal.
 60419 | WizLab   | Entered Doroklohe's Tomb
 60833 | WizLab   | Noticed a royal mummy
 61124 | Depths:1 | Found a white marble altar of Elyvilon.
 61129 | Depths:1 | Reached skill level 10 in Armour
 61608 | Depths:1 | Noticed Sojobo
 61635 | Depths:1 | Killed Sojobo
 61898 | Depths:1 | Found a glowing silver altar of Zin.
 62496 | Depths:2 | Noticed a caustic shrike
 62509 | Depths:2 | Killed a caustic shrike
 62509 | Depths:2 | Received a gift from Okawaru
 62524 | Depths:2 | Noticed a golden dragon
 62550 | Depths:2 | Killed a golden dragon
 62628 | Depths:2 | Noticed a golden dragon
 62647 | Depths:2 | Killed a golden dragon
 62948 | Depths:2 | Found a one-way gate leading to the halls of Pandemonium.
 63023 | Depths:2 | Found a radiant altar of Vehumet.
 63609 | Depths:3 | Noticed a dread lich
 63624 | Depths:3 | Killed a dread lich
 63624 | Depths:3 | Received a gift from Okawaru
 63650 | Depths:3 | Reached skill level 15 in Evocations
 63755 | Depths:3 | Got the Omnibus of Wicked Ceremonies
 63917 | Depths:3 | Reached XP level 24. HP: 172/191 MP: 27/31
 64083 | Depths:3 | Received a gift from Okawaru
 64282 | Depths:3 | Found a one-way gate to the infinite horrors of the Abyss.
 64442 | Depths:3 | Identified the +1 robe of Proximity {rPois}
 64536 | Depths:3 | Noticed a juggernaut
 64817 | Depths:3 | Killed a juggernaut
 65319 | Depths:4 | Entered Level 4 of the Depths
 65853 | Depths:4 | Found a one-way gateway to a ziggurat.
 65896 | Depths:4 | Gained mutation: Your body sometimes deteriorates upon
                  | taking damage. [mutagenic glow]
 66005 | Depths:4 | Received a gift from Okawaru
 66026 | Depths:4 | Got Sif Muna's Compilation of Impure Incineration
 66605 | Depths:4 | Reached skill level 10 in Alchemy
 66716 | Depths:4 | Found a gate to the Realm of Zot.
 67468 | Vaults:4 | Bought a potion of mutation for 320 gold pieces
 67480 | Vaults:5 | Entered Level 5 of the Vaults
 67573 | Vaults:5 | Reached XP level 25. HP: 197/197 MP: 32/33
 67670 | Vaults:5 | Reached skill level 15 in Invocations
 67793 | Vaults:5 | Received a gift from Okawaru
 67990 | Vaults:5 | Got a silver rune of Zot
 68179 | Vaults:5 | Identified a scroll of acquirement
 68427 | Vaults:5 | Identified the +1 shortbow "Xepnahia" {speed, Int+5}
 68460 | Vaults:5 | Noticed an ancient lich
 68476 | Vaults:5 | Killed an ancient lich
 68776 | Vaults:5 | Identified the +11 hand axe of Dyr Ner {antimagic, rPois
                  | rC+ Will+ Dex+4}
 69091 | Vaults:5 | Found the ring of the Hare {EV+10}
 69122 | Vaults:5 | Identified the +3 morningstar of Zuajidaffi {pain, rElec
                  | rPois Int-5 Dex+4}
 69146 | Vaults:5 | Identified the +6 great mace "Koupuollo" {freeze, rPois
                  | rCorr Str-2 Dex+3}
 69184 | Vaults:5 | Identified the amulet "Vayqomuch" {Reflect *Corrode rF+
                  | Str+4 SH+5 SInv}
 69695 | Shoals:4 | Bought a masterwork plate armour for 812 gold pieces
 69695 | Shoals:4 | Identified the +11 plate armour of the Iron Devil {rF+ rC+
                  | Str+2 Dex-3} (You bought it in a shop on level 4 of the
                  | Shoals)
 69711 | Shoals:4 | Acquired a manual of Armour
 70077 | Zot:1    | Entered Level 1 of the Realm of Zot
 70175 | Zot:1    | Received a gift from Okawaru
 70424 | Zot:1    | Found a transporter.
 70426 | Zot:1    | Noticed Pirukh's ghost (veteran MiFi)
 70998 | Zot:1    | Found a transporter.
 71572 | Zot:2    | Reached XP level 26. HP: 187/204 MP: 35/35
 71707 | Zot:2    | Found a burning altar of Makhleb.
 72150 | Zot:3    | Reached skill level 15 in Armour
 72345 | Zot:4    | Noticed an orb of fire
 72355 | Zot:4    | Killed an orb of fire
 72452 | Zot:5    | Entered Level 5 of the Realm of Zot
 72776 | Zot:5    | Received a gift from Okawaru
 73651 | Zot:5    | Noticed an ancient lich
 73658 | Arena    | Entered the Arena
 73714 | Zot:5    | Killed an ancient lich
 73824 | Zot:5    | Noticed an orb of fire
 73838 | Zot:5    | Gained mutation: You are clumsy. (Dex -2) [an orb of fire]
 73841 | Zot:5    | Killed an orb of fire
 73854 | Zot:5    | Noticed an ancient lich
 73857 | Zot:5    | Noticed an orb of fire
 73867 | Zot:5    | Killed an ancient lich
 73876 | Zot:5    | Killed an orb of fire
 73887 | Zot:5    | Noticed a dread lich
 73898 | Zot:5    | Killed a dread lich
 74794 | Zot:5    | Got the Orb of Zot
 74795 | Zot:5    | Noticed a dread lich
 74795 | Zot:5    | Noticed a dread lich
 74803 | Zot:5    | Noticed a dread lich
 74804 | Zot:5    | Noticed a Killer Klown
 74809 | Zot:5    | Noticed an ancient lich
 74820 | Zot:5    | Killed an ancient lich
 74988 | Zot:1    | Noticed Nuhahono the pandemonium lord
 75034 | Depths:4 | Noticed Sisan the pandemonium lord
 75076 | D:15     | Lost mutation: Your body sometimes deteriorates upon taking
                  | damage. [potion of mutation]
 75076 | D:15     | Lost mutation: You are clumsy. (Dex -2) [potion of
                  | mutation]
 75076 | D:15     | Lost mutation: You are dopey. (Int -2) [potion of mutation]
 75076 | D:15     | Gained mutation: You occasionally lose the ability to read
                  | scrolls when taking damage. [potion of mutation]
 75076 | D:15     | Gained mutation: You expend magic power (3 MP) to
                  | strengthen your wands. [potion of mutation]
 75076 | D:15     | Gained mutation: You are strong-willed. (Will+) [potion of
                  | mutation]
 75076 | D:15     | Gained mutation: You are covered in fur. (AC +1) [potion of
                  | mutation]
 75401 | D:$      | Escaped with the Orb!

Illustrated notes

Levels and vault maps discovered:
D:1:      minmay_arrival_diagonal_passages, layout_rooms,
          hellmonk_ecumenical_altar_pennies_from_heaven, st_stairs_2,
          nicolae_kite_square_tiling_tiny
D:2:      layout_basic, basic_altar
D:3:      layout_loops_corners, mainiacjoe_overflow_small_starburst,
          mainiacjoe_overflow_boulevard, chequers_serial_rivers_marsh,
          minmay_misc_feat_rugged, ebering_dispersal_statue_hall,
          kennysheep_flooded_box, minmay_misc_feat_iff
D:4:      layout_cave_pools, lemuel_doored_altar,
          nicolae_hepliaklqana_hippocampus, nemelex_dance_club_becter,
          serial_shops, shop, minmay_misc_feat_columns, guppyfry_early_orc_mine
D:5:      layout_rooms, grunt_temple_overflow_holy_war,
          cheibrodos_sewer_entry_drain
D:6:      layout_rooms, vehumet_statue, mainiacjoe_overflow_alcove_1,
          minmay_temple_entry_statues_pillars
D:7:      layout_gridville, led_xom_imps, serial_rivers,
          chequers_serial_rivers_micro_a, chequers_serial_rivers_marsh,
          chequers_serial_rivers_micro_e, chequers_serial_rivers_micro_d,
          chequers_serial_rivers_micro_e, chequers_serial_rivers_micro_e
D:8:      layout_loops_ring, kennysheep_mini_moat, marbit_many_paths, uniq_grum
D:9:      kennysheep_blocky_hall, layout_loops_corners, serial_shops, shop,
          uniq_maggie
D:10:     layout_basic, kennysheep_vampire_church, zombieorc2_lemuel
D:11:     layout_roguey, hellmonk_lair_entry_icy, serial_shops, shop,
          ebering_ghost_disaster_area, hangedman_decor_clover_reticule,
          hellmonk_guarded_unrand_cigotuvi
D:12:     layout_basic
D:13:     dreamdust_isle_of_ice, layout_basic,
          hellmonk_vaults_attempted_burglary, serial_shops,
          nicolae_shop_advertising_works [nicolae_subvault_shop_adworks]
D:14:     layout_loops_ring, nicolae_gozag_seed_capital,
          kennysheep_generic_room_13
D:15:     gammafunk_enter_depths_forms, layout_long_grid, enter_trove_2
Temple:   hellmonk_temple_divided_pantheon
Lair:1:   layout_misc_corridors, patterned_corridor
Lair:2:   layout_cave_pods, hellmonk_spider_entry_life_and_decay,
          lemuel_fruit_tree
Lair:3:   layout_regular_city, minmay_shoals_entry_hut, st_stairs_10,
          uniq_josephine
Lair:4:   layout_cave_pods, fungi_pond_lemuel, bobbens_dragon_lair_wall,
          uniq_sonja
Lair:5:   minmay_lair_end_frog_pond, layout_big_grid,
          nicolae_slime_entry_slimehenge
Shoals:1: layout_shoals, st_sunken_temple
Shoals:2: layout_shoals, nicolae_shoals_lost_giant_baths, uniq_polyphemus
Shoals:3: layout_shoals, ebering_ghost_reflecting_pool, kb_tengu_band,
          uniq_ilsuiw
Shoals:4: shoals_end_hangedman, layout_shoals, serial_shops, shop
Spider:1: layout_chambers, nicolae_spider_webbed_stairs
Spider:2: layout_spider_delve, uniq_donald
Spider:3: layout_spider_delve, uniq_mara, uniq_nikola, uniq_louise
Spider:4: grunt_spider_rune_circles, uniq_asterion, uniq_bai_suzhen,
          uniq_arachne, uniq_agnes
Orc:1:    layout_diamond_mine, basic_altar, kennysheep_orc_chapel
Orc:2:    grunt_orc_gardens, layout_diamond_mine, grunt_orc_garden,
          grunt_orc_garden, grunt_orc_garden, grunt_orc_garden
Elf:1:    layout_onion_city, portal_ice_cave_entry_pillars_2, serial_shops,
          nicolae_shop_crystal, basic_altar,
          hangedman_elven_crosses_minicolossus, uniq_frances, uniq_roxanne,
          uniq_azrael
Elf:2:    elven_hall_of_blades_hangedman_original
          [nicolae_blade_entry_hurt_lockers], layout_geoelf_octagon,
          portal_desolation_entry_ruin, basic_altar, lemuel_upstairs_altar
Elf:3:    minmay_elf_hall_four_x, layout_onion_city, serial_shops, shop,
          nicolae_elf_vaults_five_recruitment_drive
Vaults:1: nicolae_vaults_turnstiles, nicolae_vaults_sealed_display,
          serial_ice_b, ontoclasm_vaults_shuriken,
          nicolae_vaults_closet_pinwheel_2, v_misc_4,
          nicolae_vaults_statue_guard, v_misc_2, v_pattern_4,
          nicolae_vaults_variable_pillar_hall, layout_vaults_omnigrid
Vaults:2: ontoclasm_vaults_shout, hangedman_vaults_locks, vaults_room_pool,
          vaults_standard_mumra_enter_the_diamond, nicolae_vaults_meiosis,
          minmay_crypt_entry_simple_statues, grunt_vaults_funnel,
          vaults_standard_mumra_x, vaults_dpeg_diagonal, nicolae_vaults_house_1,
          vaults_standard_mumra_enter_the_diamond, layout_vaults_omnicross
Vaults:3: nicolae_vaults_what_the_h, gammafunk_sealed_arena,
          nicolae_vaults_spaceships, vaults_mumra_minichess_inversion,
          vaults_mumra_hexcomb, hangedman_vaults_capsules,
          vaults_room_ringed_pool, nicolae_vaults_two_Ls,
          nicolae_vaults_trapezoid_2, hangedman_vaults_nails,
          layout_vaults_chaotic_city, serial_shops,
          nicolae_shop_just_a_little_nook
Vaults:4: v_misc_13, nicolae_vaults_tetromino_T_1,
          nicolae_vaults_twisting_passages, nicolae_vaults_variable_pillar_hall,
          v_misc_23, ontoclasm_vaults_hangar, nicolae_vaults_closet_pinwheel_4,
          hangedman_vaults_nails, vaults_dpeg_doors,
          nicolae_vaults_ninety_degrees, nicolae_vaults_heart-shaped_vault,
          nicolae_vaults_sightless_eye, layout_vaults_omnibox, serial_shops,
          shop
Vaults:5
Depths:1: minmay_ambush_box, layout_cave_pools, mu_enter_wizlab_5,
          pf_dread_powers_of_hell, nicolae_elyvilon_peaceful_grove,
          zin_treasury, uniq_sojobo
Depths:2: minmay_octo_star, layout_gridville, lemuel_round_altar,
          rand_demon_pan_entry_5, hell_entry, minmay_staircase_windowed_small
Depths:3: four-leaf_vault, layout_cave_shapes, special_room
          [special_room_morgue], chequers_serial_rivers_small_b,
          grunt_hell_entry_dis_old, abyss_entry, hangedman_glass_teeth
Depths:4: hangedman_pleasuredromes, hell_entry
Zot:1:    layout_cathedral_of_symmetry, gammafunk_ghost_arena,
          regret_index_zotdec_slimy_original, hangedman_swamp_dais
Zot:2:    layout_gridlike, regret_index_zotdec_demonic_mixed,
          hangedman_hellfire_club, uniq_tiamat
Zot:3:    layout_twisted_circle
Zot:4:    layout_gridlike, skrybe_zot_glass_3
Zot:5:    layout_twisted_circle

Skill      XL: |  1  2  3  4  5  6  7  8  9 10 11 12 13 14 15 16 17 18 19 20 21 22 23 24 25 26 |
---------------+-------------------------------------------------------------------------------+-----
Stealth        | 1 2 4 |  4.5
Maces & Flails | 3 4 5 7 8 10 11 12 13 14 15 16 | 16.5
Fire Magic     | 3 4 5 6 7 |  7.0
Hexes          | 1 2 3 4 5 7 8 9 10 | 10.0
Spellcasting   | 2 3 4 5 |  5.0
Short Blades   | 1 2 3 4 6 8 10 11 12 13 14 | 14.0
Armour         | 1 2 3 5 7 8 9 11 12 13 16 | 16.9
Dodging        | 1 2 3 5 6 7 9 10 11 12 | 12.7
Fighting       | 4 5 7 8 9 10 11 12 14 15 16 | 16.7
Evocations     | 2 3 5 7 9 10 12 15 16 17 | 17.0
Invocations    | 1 4 5 6 7 8 9 11 14 17 | 17.1
Throwing       | 3 6 8 9 10 11 12 | 12.7
Translocations | 1 3 4 5 |  5.0
Alchemy        | 1 4 5 6 7 10 | 10.0
Conjurations   | 1 3 5 6 7 |  7.0
Earth Magic    | 1 3 6 7 |  7.0

Action                     |  1- 3 |  4- 6 |  7- 9 | 10-12 | 13-15 | 16-18 | 19-21 | 22-24 | 25-27 || total
---------------------------+-------+-------+-------+-------+-------+-------+-------+-------+-------++-------
  Melee: Mace              |    71 |    59 |    11 |       |       |       |       |       |       ||   141
         Dagger            |    13 |    33 |    62 |   374 |       |       |       |       |       ||   482
         Whip              |    49 |    21 |       |       |       |       |       |       |       ||    70
         Morningstar       |       |       |    59 |   545 |   437 |       |       |       |       ||  1041
         Quick blade       |       |       |       |   235 |  1518 |  1745 |  2059 |  2736 |  1812 || 10105
         Eveningstar       |       |       |       |       |   394 |   912 |  1118 |  1435 |   933 ||  4792
  Throw: Dart              |       |       |       |       |    37 |   186 |    55 |     3 |     2 ||   283
         Boomerang         |       |       |       |       |       |       |    38 |   292 |   290 ||   620
         Throwing net      |       |       |       |       |       |       |     1 |       |     1 ||     2
   Cast: Scorch            |       |    97 |   103 |    17 |     2 |     5 |       |       |       ||   224
         Jinxbite          |       |     1 |     8 |   131 |    87 |    17 |     7 |     6 |       ||   257
         Apportation       |       |       |       |       |    12 |    10 |     4 |     9 |     8 ||    43
         Passwall          |       |       |       |       |       |       |     5 |     2 |     1 ||     8
         Lesser Beckoning  |       |       |       |       |       |       |    11 |    32 |    31 ||    74
         Blink             |       |       |       |       |       |       |     2 |       |       ||     2
         Yara's Violent Un |       |       |       |       |       |       |       |     5 |    10 ||    15
 Invoke: Foxfire Swarm     |     1 |     1 |     2 |       |       |       |       |       |       ||     4
         Fiery Armour      |       |     1 |     2 |     2 |       |       |       |       |       ||     5
         Heroism           |       |       |       |     1 |    16 |    22 |    10 |    11 |    15 ||    75
         Receive Weapon    |       |       |       |       |     1 |       |       |       |       ||     1
         Receive Armour    |       |       |       |       |     1 |       |       |       |       ||     1
         Finesse           |       |       |       |       |       |     8 |     8 |    15 |    11 ||    42
         Duel              |       |       |       |       |       |       |       |       |     1 ||     1
Ability: Invent Gizmo      |       |       |       |       |     1 |       |       |       |       ||     1
  Evoke: Wand              |       |       |     3 |    16 |    10 |    45 |    10 |    11 |     2 ||    97
         Phial of floods   |       |       |       |       |       |     2 |     3 |     1 |       ||     6
         Condenser vane    |       |       |       |       |       |       |       |       |     1 ||     1
    Use: Scroll            |       |     8 |    10 |    12 |     8 |    18 |    18 |    17 |    20 ||   111
         Potion            |       |       |       |       |    11 |    11 |     9 |     7 |    28 ||    66
   Stab: Sleeping          |       |     2 |       |       |     3 |     4 |     1 |     1 |       ||    11
         Invisible         |       |       |       |       |    14 |    20 |       |     7 |    17 ||    58
         Distracted        |       |       |       |       |    11 |    26 |    18 |       |       ||    55
         Held in net/web   |       |       |       |       |       |       |     1 |       |     3 ||     4
 Armour: Robe              |    34 |    44 |    34 |       |       |       |       |       |       ||   112
         Leather armour    |       |       |    38 |    15 |       |       |       |       |       ||    53
         Troll leather arm |       |       |       |   319 |   537 |   725 |   571 |   796 |    83 ||  3031
         Plate armour      |       |       |       |       |       |       |       |       |   596 ||   596
  Dodge: Dodged            |    40 |    46 |    63 |   258 |   379 |   464 |   412 |   552 |   287 ||  2501
         Repelled          |       |       |       |       |    24 |    35 |    63 |    76 |    63 ||   261

Table legend: (Time is in decaauts)
 A = Elapsed time spent in this place.
 B = Non-inter-level travel time spent in this place.
 C = Inter-level travel time spent in this place.
 D = Time resting spent in this place.
 E = Time spent auto-exploring this place.
 F = Levels seen in this place.
 G = Mean time per level.
                   A        B        C        D        E       F      G
               +--------+--------+--------+--------+--------+-----+--------+
         Total |  73410 |  66266 |   7144 |  10752 |  37655 |  55 | 1334.7 |
       Dungeon |  21468 |  18639 |   2829 |   2789 |  11585 |  15 | 1431.2 |
        Temple |     77 |     27 |     50 |      0 |      0 |   1 |   77.0 |
          Lair |   7090 |   6013 |   1077 |   1156 |   3060 |   5 | 1418.0 |
        Shoals |   6504 |   5915 |    589 |    304 |   4343 |   4 | 1626.0 |
   Spider Nest |   7282 |   6690 |    592 |    928 |   4383 |   4 | 1820.5 |
  Orcish Mines |   1590 |   1335 |    255 |     35 |    817 |   2 |  795.0 |
   Elven Halls |   5819 |   5442 |    377 |   1246 |   2752 |   3 | 1939.7 |
        Vaults |   8380 |   7523 |    857 |    534 |   5083 |   5 | 1676.0 |
        Depths |   6079 |   5673 |    406 |    832 |   3033 |   4 | 1519.8 |
           Zot |   4478 |   4370 |    108 |   1518 |   1250 |   5 |  895.6 |
         Abyss |    353 |    353 |      0 |     39 |      0 |   2 |  176.5 |
         Sewer |   1376 |   1376 |      0 |    205 |    979 |   1 | 1376.0 |
      Ice Cave |    102 |    102 |      0 |      0 |     29 |   1 |  102.0 |
        Wizlab |    402 |    402 |      0 |    196 |      0 |   1 |  402.0 |
    Desolation |   2378 |   2378 |      0 |    954 |    339 |   1 | 2378.0 |
         Arena |     25 |     25 |      0 |     11 |      0 |   1 |   25.0 |
               +--------+--------+--------+--------+--------+-----+--------+

Top non-repeatable levels by time:
   Elf:3: 2900 daAuts
Spider:3: 2403 daAuts
Desolation: 2378 daAuts
    D:10: 2343 daAuts
   Zot:5: 2201 daAuts
  Lair:5: 1998 daAuts
     D:5: 1934 daAuts
Vaults:3: 1932 daAuts
Vaults:2: 1923 daAuts
Spider:4: 1901 daAuts
Shoals:2: 1886 daAuts
Depths:3: 1809 daAuts
     D:4: 1791 daAuts
  Lair:2: 1787 daAuts
     D:7: 1779 daAuts
